BSA
BEECH MOUNTAIN MOUNTAINEERS @ NASSAU ROCKETS
09/26/2028
 
TOP OF THE 1ST
Beech Mountain Mountaineers batting - Pitching for Nassau Rockets : LHP Ben Moody
Pitching: LHP Ben Moody
Batting: SHB Félix Montoya 0-0: Called Strike
0-1: Ground out 5-3 (Groundball, 56)
Batting: SHB Miguel González 0-0: Ball
1-0: SINGLE (Line Drive, 3S)
Batting: LHB Robert Phillips 0-0: Fly out, F8 (Flyball, 8RXD)
Batting: SHB Tony López 0-0: Called Strike
0-1: Ball
1-1: Ball
2-1: Foul Ball, location: 2F
2-2: Ball
3-2: Foul Ball, location: 2F
3-2: Ground out 6-3 (Groundball, 6D)
Top of the 1st over - 0 run(s), 1 hit(s), 0 error(s), 1 left on base; Beech Mountain 0 - Nassau 0
BOTTOM OF THE 1ST
Nassau Rockets batting - Pitching for Beech Mountain Mountaineers : LHP Simon Martel
Pitching: LHP Simon Martel
Batting: SHB Howard Parker 0-0: Swinging Strike
0-1: Called Strike
0-2: Ball
1-2: Ball
2-2: Ground out 6-3 (Groundball, 6)
Batting: RHB Salvador Borbón 0-0: Ball
1-0: Ball
2-0: Ball
3-0: Fly out, F7 (Flyball, 7D)
Batting: LHB Wilson Allen 0-0: Swinging Strike
0-1: Ball
1-1: Ball
2-1: Ball
3-1: Base on Balls
Batting: LHB Andrew Alvarado 0-0: Called Strike
0-1: Foul Ball, location: 2F
0-2: Ball
1-2: Ball
2-2: Foul Ball, location: 2F
2-2: Foul Ball, location: 2F
2-2: Fielders Choice at 2nd, 6-4 (Groundball, 6)
Bottom of the 1st over - 0 run(s), 0 hit(s), 0 error(s), 0 left on base; Beech Mountain 0 - Nassau 0
TOP OF THE 2ND
Beech Mountain Mountaineers batting - Pitching for Nassau Rockets : LHP Ben Moody
Batting: RHB John Anderson 0-0: Swinging Strike
0-1: SOLO HOME RUN (Flyball, 9D), Distance : 354 ft
Batting: SHB Rick Turner 0-0: SINGLE (Groundball, 3S) (infield hit)
Batting: RHB Ron Glass 0-0: Foul Ball, location: 2F
0-1: Fly out, F6 (Popup, 6D)
Batting: LHB Terry Simpson 0-0: Called Strike
0-1: Ball
1-1: Called Strike
1-2: Grounds into double play, 5-4-3 (Groundball, 56)
Top of the 2nd over - 1 run(s), 2 hit(s), 0 error(s), 0 left on base; Beech Mountain 1 - Nassau 0
BOTTOM OF THE 2ND
Nassau Rockets batting - Pitching for Beech Mountain Mountaineers : LHP Simon Martel
Batting: RHB Bill Little 0-0: Foul Ball, location: 2F
0-1: Foul Ball, location: 2F
0-2: Ball
1-2: SINGLE (Line Drive, 8LS)
Batting: RHB Brant Sherman 0-0: Called Strike
0-1: Ball
1-1: Ball
2-1: Foul Ball, location: 2F
2-2: SINGLE (Flyball, 89M)
Bill Little to second
Runner from 2nd tries for 3rd, SAFE, throw made to third
Batting: RHB Kenji Kudo 0-0: Called Strike
0-1: SINGLE (Groundball, 6MD)
Bill Little scores
Brant Sherman to second
Batting: LHB Doug Thompson 0-0: Foul Ball, location: 2F
0-1: Ball
1-1: Foul Ball, location: 2F
1-2: SINGLE (Line Drive, 9LS)
Brant Sherman to third
Kenji Kudo to second
Runner from 3rd tries for Home, SAFE, no throw
Batting: LHB Gene Cooper 0-0: Ball
1-0: Foul Ball, location: 2F
1-1: Called Strike
1-2: Ball
2-2: Foul Ball, location: 2F
2-2: Ball
3-2: 3-RUN HOME RUN (Flyball, 9D), Distance : 340 ft
Batting: SHB Howard Parker 0-0: Ball
1-0: Foul Ball, location: 2F
1-1: Swinging Strike
1-2: Foul Ball, location: 2F
1-2: DOUBLE (Flyball, 8RM)
Pinch Runner at 2nd Jesús Villalobos:
Batting: RHB Salvador Borbón 0-0: Called Strike
0-1: Ball
1-1: Swinging Strike
1-2: Ball
2-2: Ball
3-2: 2-RUN HOME RUN (Flyball, 9D), Distance : 340 ft
Pitching: RHP Rodrigo Aguilar
Batting: LHB Wilson Allen 0-0: Foul Ball, location: 2F
0-1: Ball
1-1: Ball
2-1: Called Strike
2-2: SINGLE (Groundball, 6MD)
Batting: LHB Andrew Alvarado 0-0: Ball
1-0: Ball
2-0: Fly out, F6 (Popup, 6D)
Batting: RHB Bill Little 0-0: Called Strike
0-1: Swinging Strike
0-2: Strikes out swinging
Batting: RHB Brant Sherman 0-0: Fly out, F5 (Line Drive, 56)
Bottom of the 2nd over - 7 run(s), 8 hit(s), 0 error(s), 1 left on base; Beech Mountain 1 - Nassau 7
TOP OF THE 3RD
Beech Mountain Mountaineers batting - Pitching for Nassau Rockets : LHP Ben Moody
Now at 2B: Jesús Villalobos
Batting: RHB Jesús Cruz 0-0: Called Strike
0-1: Ball
1-1: Fly out, F4 (Popup, 4S)
Batting: SHB Félix Montoya 0-0: Fly out, F7 (Flyball, 7S)
Batting: SHB Miguel González 0-0: Ball
1-0: Called Strike
1-1: Foul Ball, location: 2F
1-2: Ball
2-2: Foul Ball, location: 2F
2-2: Fly out, F9 (Flyball, 9S)
Top of the 3rd over - 0 run(s), 0 hit(s), 0 error(s), 0 left on base; Beech Mountain 1 - Nassau 7
BOTTOM OF THE 3RD
Nassau Rockets batting - Pitching for Beech Mountain Mountaineers : RHP Rodrigo Aguilar
Batting: RHB Kenji Kudo 0-0: Swinging Strike
0-1: Swinging Strike
0-2: Ball
1-2: Reached via error on a dropped throw, E1
Pitching: RHP Ignacio Morales
Batting: LHB Doug Thompson 0-0: Swinging Strike
0-1: Ball
1-1: Fly out, F6 (Popup, 6D)
Batting: LHB Gene Cooper 0-0: Ball
1-0: Foul Ball, location: 2F
1-1: Called Strike
1-2: Ball
2-2: SINGLE (Line Drive, 9LM)
Kenji Kudo to second
Batting: RHB Jesús Villalobos 0-0: Ball
1-0: Ball
2-0: Foul Ball, location: 2F
2-1: Foul Ball, location: 2F
2-2: Ground out 5-3 (Groundball, 56S)
Kenji Kudo to third
Gene Cooper to second
Batting: RHB Salvador Borbón 0-0: Ball
1-0: Fly out, F9 (Flyball, 89S)
Bottom of the 3rd over - 0 run(s), 1 hit(s), 1 error(s), 2 left on base; Beech Mountain 1 - Nassau 7
TOP OF THE 4TH
Beech Mountain Mountaineers batting - Pitching for Nassau Rockets : LHP Ben Moody
Batting: LHB Robert Phillips 0-0: Called Strike
0-1: Ball
1-1: Swinging Strike
1-2: Foul Ball, location: 2F
1-2: Strikes out swinging
Batting: SHB Tony López 0-0: Called Strike
0-1: Ball
1-1: Foul Ball, location: 2F
1-2: Ball
2-2: Foul Ball, location: 2F
2-2: Strikes out swinging
Batting: RHB John Anderson 0-0: Swinging Strike
0-1: Hit by Pitch
Batting: SHB Rick Turner 0-0: Called Strike
0-1: SINGLE (Line Drive, 56)
John Anderson to second
Batting: RHB Ron Glass 0-0: Ball
1-0: Fly out, F8 (Flyball, 8LM)
Top of the 4th over - 0 run(s), 1 hit(s), 0 error(s), 2 left on base; Beech Mountain 1 - Nassau 7
BOTTOM OF THE 4TH
Nassau Rockets batting - Pitching for Beech Mountain Mountaineers : RHP Ignacio Morales
Batting: LHB Wilson Allen 0-0: Called Strike
0-1: Called Strike
0-2: Foul Ball, location: 2F
0-2: Ball
1-2: Foul Ball, location: 2F
1-2: Foul Ball, location: 2F
1-2: Foul Ball, location: 2F
1-2: Ball
2-2: Strikes out swinging
Batting: LHB Andrew Alvarado 0-0: Called Strike
0-1: DOUBLE (Line Drive, 7LM)
Batting: RHB Bill Little 0-0: Foul Ball, location: 2F
0-1: Foul Ball, location: 2F
0-2: Fly out, F8 (Flyball, 8LXD)
Runner from 2nd tags up, SAFE at 3rd, no throw
Batting: RHB Brant Sherman 0-0: Ball
1-0: Ball
2-0: Swinging Strike
2-1: Called Strike
2-2: Foul Ball, location: 2F
2-2: DOUBLE (Line Drive, 7D)
Andrew Alvarado scores
Batting: RHB Kenji Kudo 0-0: Foul Ball, location: 2F
0-1: Called Strike
0-2: Strikes out looking
Bottom of the 4th over - 1 run(s), 2 hit(s), 0 error(s), 1 left on base; Beech Mountain 1 - Nassau 8
TOP OF THE 5TH
Beech Mountain Mountaineers batting - Pitching for Nassau Rockets : LHP Ben Moody
Batting: LHB Terry Simpson 0-0: Ground out 3-1 (Groundball, 34)
Batting: RHB Jesús Cruz 0-0: Called Strike
0-1: Swinging Strike
0-2: Ball
1-2: Strikes out looking
Batting: SHB Félix Montoya 0-0: SINGLE (Groundball, 56D)
Batting: SHB Miguel González 0-0: Ball
1-0: Fielders Choice at 2nd, 4-6 (Groundball, 4)
Top of the 5th over - 0 run(s), 1 hit(s), 0 error(s), 0 left on base; Beech Mountain 1 - Nassau 8
BOTTOM OF THE 5TH
Nassau Rockets batting - Pitching for Beech Mountain Mountaineers : RHP Ignacio Morales
Batting: LHB Doug Thompson 0-0: Ball
1-0: Ball
2-0: Called Strike
2-1: Swinging Strike
2-2: Ball
3-2: Ground out 6-3 (Groundball, 6M)
Batting: LHB Gene Cooper 0-0: Called Strike
0-1: Ball
1-1: Ball
2-1: SOLO HOME RUN (Flyball, 89XD), Distance : 386 ft
Batting: RHB Jesús Villalobos 0-0: Called Strike
0-1: Ground out 5-3 (Groundball, 5)
Batting: RHB Salvador Borbón 0-0: Ball
1-0: Ball
2-0: Reached on error, E6 (Groundball, 6)
Batting: LHB Wilson Allen 0-0: SINGLE (Flyball, 89S)
Salvador Borbón to second
Batting: LHB Andrew Alvarado 0-0: Ball
1-0: SINGLE (Line Drive, 89M)
Salvador Borbón to third
Wilson Allen to second
Runner from 3rd tries for Home, SAFE, no throw
Pitching: RHP Ramón Vélez
Batting: RHB Bill Little 0-0: Ball
1-0: Ball
2-0: Ball
3-0: Called Strike
3-1: Called Strike
3-2: DOUBLE (Line Drive, 9D)
Wilson Allen scores
Andrew Alvarado to third
Andrew Alvarado scores
Batting: RHB Brant Sherman 0-0: Fly out, F3 (Popup, 3L)
Bottom of the 5th over - 4 run(s), 4 hit(s), 1 error(s), 1 left on base; Beech Mountain 1 - Nassau 12
TOP OF THE 6TH
Beech Mountain Mountaineers batting - Pitching for Nassau Rockets : LHP Ben Moody
Batting: LHB Robert Phillips 0-0: Called Strike
0-1: Foul Ball, location: 2F
0-2: Ball
1-2: Ball
2-2: Strikes out swinging
Batting: SHB Tony López 0-0: Foul Ball, location: 2F
0-1: Ball
1-1: SINGLE (Groundball, 6MD)
Batting: RHB John Anderson 0-0: Ball
1-0: Fly out, F3 (Popup, 3L)
Batting: SHB Rick Turner 0-0: Fly out, F8 (Flyball, 8LD)
Top of the 6th over - 0 run(s), 1 hit(s), 0 error(s), 1 left on base; Beech Mountain 1 - Nassau 12
BOTTOM OF THE 6TH
Nassau Rockets batting - Pitching for Beech Mountain Mountaineers : RHP Ramón Vélez
Batting: RHB Kenji Kudo 0-0: Foul Ball, location: 2F
0-1: Ball
1-1: Ball
2-1: Ball
3-1: Base on Balls
Batting: LHB Doug Thompson 0-0: Foul Ball, location: 2F
0-1: Ball
1-1: SINGLE (Line Drive, 9S)
Kenji Kudo to second
Runner from 2nd tries for 3rd, SAFE, no throw
Batting: LHB Gene Cooper 0-0: Ball
1-0: Ball
2-0: Ball
3-0: Called Strike
3-1: Foul Ball, location: 2F
3-2: Base on Balls
Doug Thompson to second
Batting: RHB Jesús Villalobos 0-0: Ball
1-0: Called Strike
1-1: Ball
2-1: Swinging Strike
2-2: Strikes out looking
Batting: RHB Salvador Borbón 0-0: Called Strike
0-1: Called Strike
0-2: Ball
1-2: Ball
2-2: Grounds into double play, 5-4-3 (Groundball, 56)
Bottom of the 6th over - 0 run(s), 1 hit(s), 0 error(s), 2 left on base; Beech Mountain 1 - Nassau 12
TOP OF THE 7TH
Beech Mountain Mountaineers batting - Pitching for Nassau Rockets : LHP Ben Moody
Batting: RHB Ron Glass 0-0: Ground out 6-3 (Groundball, 6)
Batting: LHB Terry Simpson 0-0: Foul Ball, location: 2F
0-1: Ball
1-1: DOUBLE (Line Drive, 89D)
Batting: RHB Jesús Cruz 0-0: Foul Ball, location: 2F
0-1: Foul Ball, location: 2F
0-2: Ball
1-2: Ball
2-2: Strikes out swinging
Batting: SHB Félix Montoya 0-0: Called Strike
0-1: Foul Ball, location: 2F
0-2: Foul Ball, location: 2F
0-2: Strikes out swinging
Top of the 7th over - 0 run(s), 1 hit(s), 0 error(s), 1 left on base; Beech Mountain 1 - Nassau 12
BOTTOM OF THE 7TH
Nassau Rockets batting - Pitching for Beech Mountain Mountaineers : RHP Ramón Vélez
Batting: LHB Wilson Allen 0-0: Ball
1-0: Called Strike
1-1: Ball
2-1: Swinging Strike
2-2: Ball
3-2: Fly out, F8 (Flyball, 8RD)
Pitching: RHP Bret McJannett
Batting: LHB Andrew Alvarado 0-0: Ball
1-0: Foul Ball, location: 2F
1-1: Swinging Strike
1-2: Ball
2-2: Foul Ball, location: 2F
2-2: Hit by Pitch
Batting: RHB Bill Little 0-0: Called Strike
0-1: Foul Ball, location: 2F
0-2: Foul Ball, location: 2F
0-2: Ball
Wild Pitch!
Andrew Alvarado to second
1-2: Strikes out swinging
Batting: RHB Brant Sherman 0-0: Called Strike
0-1: Foul Ball, location: 2F
0-2: Foul Ball, location: 2F
0-2: Strikes out swinging
Bottom of the 7th over - 0 run(s), 0 hit(s), 0 error(s), 1 left on base; Beech Mountain 1 - Nassau 12
TOP OF THE 8TH
Beech Mountain Mountaineers batting - Pitching for Nassau Rockets : LHP Ben Moody
Batting: SHB Miguel González 0-0: Called Strike
0-1: Foul Ball, location: 2F
0-2: Fly out, F4 (Line Drive, 34D)
Batting: LHB Robert Phillips 0-0: Ball
1-0: Swinging Strike
1-1: Swinging Strike
1-2: Foul Ball, location: 2F
1-2: Foul Ball, location: 2F
1-2: Foul Ball, location: 2F
1-2: Foul Ball, location: 2F
1-2: Strikes out swinging
Batting: SHB Tony López 0-0: Called Strike
0-1: Ball
1-1: SINGLE (Groundball, 4MD)
Batting: RHB John Anderson 0-0: Called Strike
0-1: Ball
1-1: Foul Ball, location: 2F
1-2: Fielders Choice at 2nd, 4-6 (Groundball, 4)
Top of the 8th over - 0 run(s), 1 hit(s), 0 error(s), 0 left on base; Beech Mountain 1 - Nassau 12
BOTTOM OF THE 8TH
Nassau Rockets batting - Pitching for Beech Mountain Mountaineers : RHP Bret McJannett
Pinch Hitting: LHB Juan Romero 0-0: Called Strike
0-1: Ball
1-1: Foul Ball, location: 2F
1-2: Ground out 4-3 (Groundball, 4)
Batting: LHB Doug Thompson 0-0: Called Strike
0-1: Ball
1-1: Ground out 1-3 (Groundball, 15S)
Batting: LHB Gene Cooper 0-0: Ball
1-0: Ball
2-0: Ball
3-0: Called Strike
3-1: Base on Balls
Batting: RHB Jesús Villalobos 0-0: Called Strike
Throwing error on steal attempt, E2
Gene Cooper to third
0-1: Ball
1-1: DOUBLE (Line Drive, 5D)
Gene Cooper scores
Batting: RHB Salvador Borbón 0-0: Called Strike
0-1: Swinging Strike
0-2: Foul Ball, location: 2F
0-2: Foul Ball, location: 2F
0-2: Ball
1-2: Foul Ball, location: 2F
1-2: Strikes out swinging
Bottom of the 8th over - 1 run(s), 1 hit(s), 1 error(s), 1 left on base; Beech Mountain 1 - Nassau 13
TOP OF THE 9TH
Beech Mountain Mountaineers batting - Pitching for Nassau Rockets : LHP Ben Moody
Now at 3B: Juan Romero
Now at SS: Pete Harvey
Batting: SHB Rick Turner 0-0: Foul Ball, location: 2F
0-1: Ball
1-1: Foul Ball, location: 2F
1-2: Ball
2-2: SINGLE (Line Drive, 9LS)
Batting: RHB Ron Glass 0-0: Foul Ball, location: 2F
0-1: Foul Ball, location: 2F
0-2: Ball
1-2: Foul Ball, location: 2F
1-2: Ball
2-2: Strikes out swinging
Batting: LHB Terry Simpson 0-0: Ball
1-0: Foul Ball, location: 2F
1-1: Ball
2-1: Ball
3-1: Foul Ball, location: 2F
3-2: Strikes out looking
Pitching: RHP John Allan
Batting: RHB Jesús Cruz 0-0: Called Strike
0-1: Ball
1-1: Ball
2-1: Fielders Choice at 2nd, 6-4 (Groundball, 6)
Top of the 9th over - 0 run(s), 1 hit(s), 0 error(s), 0 left on base; Beech Mountain 1 - Nassau 13
Tuesday, August 8th, 2017 - OOTP Baseball 17.12 Build 75